 Dungeon Crawl Stone Soup version 0.31-a0-188-g5e087ee2ca (webtiles) character file.

Game seed: 7205488088248222710

29 qw the Shooter (level 3, -1/20 HPs)
             Began as a Deep Elf Hunter on June 23, 2023.
             Killed by nerve-wracking pain
             ... invoked by an orc priest
              (12 damage)
             ... on level 2 of the Dungeon.
             The game lasted 00:00:17 (1137 turns).

qw the Shooter (Deep Elf Hunter)                    Turns: 1137, Time: 00:00:18

Health: -1/20      AC:  3    Str: 10    XL:     3   Next: 1%
Magic:  5/5        EV: 12    Int: 13    God:
Gold:   64         SH:  0    Dex: 18    Spells: 2/2 levels left

rFire   . . .        Y - +0 shortbow
rCold   . . .        (shield currently unavailable)
rNeg    . . .        c - +0 leather armour
rPois   .            (no helmet)
rElec   .            (no cloak)
rCorr   .            (no gloves)
SInv    .            (no boots)
Will    .....        g - amulet of faith
Stlth   ++           (no ring)
HPRegen 0.23/turn    (no ring)
MPRegen 0.09/turn

%: faith
@: weak-willed
A: no striking features
a: no special abilities


You were on level 2 of the Dungeon.
You visited 1 branch of the dungeon, and saw 2 of its levels.

You collected 104 gold pieces.
You spent 40 gold pieces at shops.


   Skills:
 - Level 1.5 Fighting
 + Level 6.6 Ranged Weapons
 - Level 2.4 Dodging
 - Level 1.2 Stealth


You had 2 spell levels left.
You didn't know any spells.
Your spell library was empty.

Inventory:

Hand Weapons
 Y - a +0 shortbow (weapon)
Armour
 c - a +0 leather armour (worn)
Jewellery
 g - an amulet of faith (around neck)
Scrolls
 a - a scroll of identify
Potions
 f - a potion of might {unknown}

Dungeon Overview and Level Annotations

Branches:
Dungeon (2/15)

Altars:

Shops:
D:1 *


Message History

Ouch! That really hurt!
The orc moves out of view.
You see here a +0 club.
Enter note:
Enter note:
1082 ||| FLEEEEING.
Enter note:
Enter note:
1083 ||| STILL FLEEEEING.
1084 ||| STILL FLEEEEING.
Enter note:
Enter note:
1085 ||| STILL FLEEEEING.
There is a stone staircase leading up here.
1086 ||| STAIRDANCE You climb upwards.
There is a stone staircase leading down here.
You start resting.
HP restored.
Done exploring.
1131 ||| READING scroll labelled FESIRPH BAWKETULI.
As you read the scroll labelled FESIRPH BAWKETULI, it crumbles to dust.
Magic quickly surges around you.
It was a scroll of vulnerability.
Done exploring.
(D) Dungeon
Where to? (* - list waypoints, Enter - D:2, ? - help)
What level of the Dungeon? (default 1, ? - help)
You climb downwards.
There is a stone staircase leading up here.
The orc priest invokes the aid of Beogh against you.
Beogh smites you!
You shoot an arrow.
The arrow closely misses the orc priest.
1136 ||| FLEEEEING.
There is a stone staircase leading up here.
1137 ||| STAIRDANCE The orc priest invokes the aid of Beogh against you.
Pain shoots through your body!
Ouch! That really hurt!
You die...

o## #..#####.. ..
#...##...# #.##
#/#.##.#.# ..#
#.#.##.#.##
#.#######.#.......##
##o##......#....#....
#.........)..####.##.
#.o##..#####.####.##.
#...@.## #.#.......
#.....#####
#......### #######
##.....# #.....###
#..###.#. ##.# ##.#
#.# #.#. #.####.#
#....###


You could see an orc priest.

Vanquished Creatures
  An adder (D:2)
  2 worms (D:2)
  A dart slug (D:1)
  A bat (D:1)
  An endoplasm (D:1)
  A giant cockroach (D:2)
  A goblin (D:2)
  3 hobgoblins (D:1)
  A frilled lizard (D:1)
12 creatures vanquished.

Notes
Turn   | Place    | Note
-------+----------+-------------------------------------------
     0 | D:1      | qw the Deep Elf Hunter began the quest for the Orb.
     0 | D:1      | Reached XP level 1. HP: 12/12 MP: 3/3
     0 | D:1      | 0 ||| qw: Version: 0.3-a-9-g12657ce
     0 | D:1      | 0 ||| qw: Game counter: 3649
     0 | D:1      | 0 ||| qw: Always use a shield: true
     0 | D:1      | 0 ||| qw: God list: Okawaru
     0 | D:1      | 0 ||| qw: Allow faded altars: false
     0 | D:1      | 0 ||| qw: Do Orc after D:15 true
     0 | D:1      | 0 ||| qw: Do second Lair branch before Depths: true
     0 | D:1      | 0 ||| qw: Lair rune preference: random
     0 | D:1      | 0 ||| qw: Plans: Normal
     0 | D:1      | 0 ||| PLANNING D:1-11
   353 | D:1      | Found Nohute's Assorted Antiques.
   369 | D:1      | 369 ||| SHOPLISTING pair of gloves (90 gold, have 48).
   369 | D:1      | 369 ||| SHOPLISTING runed fluorescent wand (80 gold, have
                  | 48).
   369 | D:1      | 369 ||| SHOPLISTING scale mail (80 gold, have 48).
   369 | D:1      | 369 ||| BUYING scroll labelled ULOIZE ANOMI (20 gold).
   369 | D:1      | Bought a scroll labelled ULOIZE ANOMI for 20 gold pieces
   369 | D:1      | 369 ||| BUYING scroll labelled YGRUCK RIETE (20 gold).
   369 | D:1      | Bought a scroll labelled YGRUCK RIETE for 20 gold pieces
   369 | D:1      | 369 ||| SHOPLISTING silvery potion (18 gold, have 8).
   775 | D:1      | 775 ||| FLEEEEING.
   792 | D:1      | 792 ||| FLEEEEING.
   803 | D:1      | Reached skill level 6 in Ranged Weapons
   803 | D:1      | Reached XP level 2. HP: 16/16 MP: 4/4
   921 | D:1      | 921 ||| UPGRADING to amulet of faith.
   926 | D:1      | 926 ||| READING 2 scrolls labelled YGRUCK RIETE.
   927 | D:1      | 927 ||| READING scroll labelled ULOIZE ANOMI.
   928 | D:1      | 928 ||| DROPPING scroll of butterflies.
  1072 | D:2      | Reached XP level 3. HP: 18/20 MP: 5/5
  1082 | D:2      | 1082 ||| FLEEEEING.
  1086 | D:2      | 1086 ||| STAIRDANCE
  1131 | D:1      | 1131 ||| READING scroll labelled FESIRPH BAWKETULI.
  1136 | D:2      | 1136 ||| FLEEEEING.
  1137 | D:2      | 1137 ||| STAIRDANCE
  1137 | D:2      | Killed from afar by an orc priest

Levels and vault maps discovered:
D:1:      mainiacjoe_arrival_reflecting_pool, layout_basic, serial_shops,
          shop_coins, minivault_23, hangedman_abyss_or_decor_stabs
D:2:      layout_rooms, ebering_ecumenical_altar_abandoned, basic_altar,
          minivault_24, uniq_jessica, uniq_robin

Skill      XL: |  1 |
---------------+----+-----
Ranged Weapons | 6 |  6.6
Fighting       | |  1.5
Dodging        | |  2.4
Stealth        | |  1.2

Action                     || total
---------------------------++-------
   Fire: Shortbow          ||    50
    Use: Scroll            ||     3
 Armour: Leather armour    ||     2
  Dodge: Dodged            ||     5

Table legend:
 A = Non-vault XP
 B = Vault XP
 C = Vault XP percentage of total XP
 D = Non-vault monster count
 E = Vault monster count
 F = Vault count percentage of total count
                 A         B        C        D         E       F
            +---------+---------+-------+---------+---------+-------
      Total |      42 |       0 |   0.0 |      12 |       0 |   0.0
            +---------+---------+-------+---------+---------+-------
        D:1 |      15 |       0 |   0.0 |       7 |       0 |   0.0
        D:2 |      27 |       0 |   0.0 |       5 |       0 |   0.0
            +---------+---------+-------+---------+---------+-------
